AoeStats
← Malik Bhai

Golden Pit

509522936Analyzed
1v1 RM · 5d ago on Sep 27, 2026· 25m 52s· 2 players
Game mode
Random Map
Map size
Tiny (2 player)
Population
200
Speed
Normal
Resources
Standard
Victory
Conquest
Starting age
Dark Age
Ending age
Imperial Age
RankedLock teamsTeams togetherTeam positionsShared explorationLock speedFull tech treeHidden civsTurbo modeCheats
Victory
Defeat
🇻🇳 Spanish · Vietnam
1794
+10
🇵🇰 Mongols · Pakistan
1668
-10
Malik Bhai
6:14 Loom
8:18 Feudal Age
8:36 Man-at-Arms
9:13 Double-Bit Axe
15:00 Fletching
17:37 Padded Archer Armor
22:41 Castle Age
24:49 Bow Saw
XTierS
4:50 Loom
9:12 Feudal Age
10:23 Double-Bit Axe
10:57 Horse Collar
18:30 Fletching
25:08 Castle Age
23:47 Bloodlines
24:02 Padded Archer Armor
24:34 Scale Barding Armor
25:53 Bodkin Arrow
26:09 Bow Saw
Connection lost

Rejoining the realm…

Still unreachable

The connection could not be restored.

Session expired

The server has moved on; the page needs a fresh start.